 Dungeon Crawl Stone Soup version 0.26.0-16-gc1dbca0489 (webtiles) character file.

Game seed: 16854598690892256885

121 thiole the Sneak (level 5, 0/31 HPs)
             Began as an Octopode Hedge Wizard on Jan 20, 2021.
             Succumbed to an adder's poison
             ... on level 3 of the Dungeon.
             The game lasted 00:02:46 (3147 turns).

thiole the Sneak (Octopode Hedge Wizard)            Turns: 3147, Time: 00:02:47

Health: 0/31       AC:  1    Str:  9    XL:     5   Next: 5%
Magic:  8/10       EV: 13    Int: 18    God:
Gold:   255        SH:  0    Dex: 11    Spells: 10/11 levels left

rFire    . . .     SeeInvis .   a - +0 dagger
rCold    . . .     Faith    .   (no shield)
rNeg     . . .     Spirit   .   b - +0 hat
rPois    .         Reflect  .   (no amulet)
rElec    .         Harm     .   (no ring)
rCorr    .         Rampage  .   (no ring)
Will     .....                  (no ring)
Stlth    ++++......             (no ring)
HPRegen  0.10/turn              (no ring)
MPRegen  0.12/turn              (no ring)
                                (no ring)
                                (no ring)

@: mighty, lethally poisoned (0 -> -6), berserk cooldown, flying, hasted and
slowed
A: almost no armour, stealthy swim, amphibious, 8 rings, constrict 8, camouflage
1, gelatinous body 1
a: no special abilities


You were on level 3 of the Dungeon.
You visited 1 branch of the dungeon, and saw 3 of its levels.

You collected 255 gold pieces.

Inventory:

Hand Weapons
 a - a +0 dagger (weapon)
Armour
 b - a +0 hat (worn)
Scrolls
 d - 4 scrolls of teleportation {unknown}
 e - a scroll of magic mapping {unknown}
 f - 2 scrolls of enchant armour {unknown}
 g - 3 scrolls of enchant weapon {unknown}
 i - a scroll of remove curse {unknown}
 j - a scroll of random uselessness {unknown}
 k - a scroll of fog {unknown}
Potions
 c - a potion of haste


   Skills:
 - Level 2.0 Dodging
 + Level 4.7 Stealth
 + Level 3.8 Spellcasting
 - Level 2.0 Conjurations
 - Level 2.0 Summonings
 - Level 1.0 Translocations


You had 10 spell levels left.
You knew the following spells:

 Your Spells              Type           Power        Failure   Level
a - Magic Dart            Conj           40%          7%          1

Your spell library contained the following spells:

 Spells                   Type           Power        Failure   Level
 Call Imp                 Summ           10%          10%         2
 Blink                    Tloc           N/A          16%         2
 Slow                     Hex            3%           22%         2
 Conjure Flame            Conj/Fire      7%           30%         3
 Mephitic Cloud           Conj/Pois/Air  5%           34%         3


Dungeon Overview and Level Annotations

Branches:
Dungeon (3/15)

Altars:


Innate Abilities, Weirdness & Mutations

You cannot wear most types of armour.
You are very stealthy in the water. (Stealth+)
You are amphibious.
You can wear up to eight rings at the same time.
You can use your tentacles to constrict eight enemies at once.
Your skin changes colour to match your surroundings (Stealth+).
Your rubbery body absorbs attacks. (AC +1, EV +1)


Message History

You puncture the adder!
You kill the adder!
* * * LOW HITPOINT WARNING * * *
You feel sick.
You have reached level 5!
You feel clever.
You puncture the hobgoblin!
You kill the hobgoblin!
* * * LOW HITPOINT WARNING * * *
You feel sick.
You see here a cursed -1 club.
You feel a strong urge to attack something.
You are no longer berserk.
You are exhausted.
You feel yourself slow down.
* * * LOW HITPOINT WARNING * * *
You feel sick.
Found 11 stones.
There is a stone staircase leading down here.
You die...

####### ##.. .......
#... .......
#..###### #######
#.... ..# #...# #.#
#...# #.# ####
#...###.#######...
#@>.).............
#.#.####.....##.##
...#..........+..##
....#######..[..#####
#.... #.....# #....
#.....# #.(.. #.....#
#.... #######


There were no monsters in sight!

Vanquished Creatures
  5 adders
  2 worms (D:2)
  2 dart slugs
  4 leopard geckos
  3 orcs (D:3)
  2 bats (D:1)
  5 giant cockroaches
  5 goblins
  9 hobgoblins
  4 jackals (D:1)
  8 kobolds
  A quokka (D:2)
  A ball python (D:3)
  A frilled lizard (D:1)
  7 rats
59 creatures vanquished.

Notes
Turn   | Place    | Note
-------+----------+-------------------------------------------
     0 | D:1      | thiole the Octopode Hedge Wizard began the quest for the
                  | Orb.
     0 | D:1      | Reached XP level 1. HP: 11/11 MP: 4/4
   175 | D:1      | Reached XP level 2. HP: 17/17 MP: 0/6
   325 | D:1      | Reached skill level 3 in Stealth
   681 | D:1      | Reached XP level 3. HP: 21/21 MP: 2/7
  1634 | D:2      | Reached XP level 4. HP: 27/27 MP: 1/9
  2101 | D:2      | Reached skill level 4 in Stealth
  3143 | D:3      | Reached XP level 5. HP: 4/31 MP: 8/10
  3146 | D:3      | HP: 1/31 [poisoned by an adder]
  3147 | D:3      | Succumbed to an adder's poison

Illustrated notes

Levels and vault maps discovered:
D:1:      dpeg_arrival_prison, layout_basic, hangedman_abyss_or_decor_stabs
D:2:      layout_basic, grunt_ministairs_15
D:3:      layout_basic

Skill      XL: |  1  2  3  4 |
---------------+-------------+-----
Stealth        | 3 4 |  4.7
Summonings     | 2 |  2.0
Conjurations   | 2 |  2.0
Dodging        | |  2.0
Spellcasting   | |  3.8
Translocations | |  1.0

Action                   |  1- 3 |  4- 6 || total
-------------------------+-------+-------++-------
Melee: Dagger            |    29 |    45 ||    74
       Constrict         |    11 |    10 ||    21
       Tentacles         |     3 |     7 ||    10
 Cast: Magic Dart        |    83 |    41 ||   124
  Use: Potion            |       |     4 ||     4
Armor: Skin              |     2 |     1 ||     3
Dodge: Dodged            |    23 |    24 ||    47
